 Dungeon Crawl Stone Soup version 0.28.0-53-g5a82cb258f (webtiles) character file.

Game seed: 3010925065054033554

170 buhh the Insei (level 5, -5/36 HPs)
             Began as an Octopode Transmuter on June 16, 2022.
             Slain by Natasha (8 damage)
             ... on level 3 of the Dungeon.
             The game lasted 00:07:12 (3904 turns).

buhh the Insei (Octopode Transmuter)                Turns: 3904, Time: 00:07:13

Health: -5/36      AC:  1    Str:  9    XL:     5   Next: 51%
Magic:  6/8        EV: 13    Int: 18    God:
Gold:   77         SH:  0    Dex: 12    Spells: 2/8 levels left

rFire   . . .      SeeInvis .     - Unarmed
rCold   + . .      Faith    .   (no shield)
rNeg    . . .      Spirit   .   (helmet currently unavailable)
rPois   .          Reflect  .   (no amulet)
rElec   .          Harm     .   a - ring of protection from cold
rCorr   .          Rampage  .   (no ring)
Will    .....                   (no ring)
Stlth   +++.......              (no ring)
HPRegen 0.12/turn               (no ring)
MPRegen 0.11/turn               (no ring)
                                (no ring)
                                (no ring)

@: appendages, wereblooded, slowed, very slow
A: tentacle spike 3, almost no armour, amphibious, 8 rings, camouflage 1,
gelatinous body 1, (nimble swimmer 1), tentacles
a: End Transformation


You were on level 3 of the Dungeon.
One of your tentacles had grown a beastly spike.
You visited 1 branch of the dungeon, and saw 3 of its levels.

You collected 192 gold pieces.
You spent 115 gold pieces at shops.

Inventory:

Jewellery
 a - a ring of protection from cold (left tentacle)
Scrolls
 b - a scroll of magic mapping {unknown}
 c - a scroll of blinking {!d}
 d - 2 scrolls of fear {!r}
 g - a scroll of identify {!d}
 t - 2 scrolls of teleportation {!d}
Potions
 h - a potion of berserk rage {!q}
 K - 2 potions of brilliance {!q!d}


   Skills:
 + Level 3.2 Fighting
 - Level 2.0 Dodging
 - Level 1.0 Stealth
 + Level 4.3 Unarmed Combat
 - Level 2.0 Spellcasting
 + Level 3.1 Transmutations


You had 2 spell levels left.
You knew the following spells:

 Your Spells              Type           Power      Damage    Failure   Level
a - Beastly Appendage     Tmut           26%        N/A       4%          1
b - Wereblood             Tmut           13%        N/A       8%          2
c - Spider Form           Tmut/Pois      7%         N/A       28%         3

Your spell library contained the following spells:

 Spells                   Type           Power      Damage    Failure   Level
 Ice Form                 Ice/Tmut       7%         N/A       67%         4


Dungeon Overview and Level Annotations

Branches:
Dungeon (3/15)

Altars:
Dithmenos

Shops:
D:3 [=(?[

Annotations:
D:3 Natasha


Innate Abilities, Weirdness & Mutations

One of your tentacles has grown a beastly spike.
You cannot wear most types of armour.
You are amphibious.
You can wear up to eight rings at the same time.
Your skin changes colour to match your surroundings (Stealth+).
Your rubbery body absorbs attacks. (AC +1, EV +1)
((You are camouflaged when in or above water. (Stealth+)))
You have tentacles for arms and can constrict up to eight enemies at once.


Message History

One of your tentacles grows a vicious spike.
You closely miss the goblin. Your grab misses the goblin.
Natasha howls an incantation.
You feel disoriented. The goblin completely misses you.
Casting: Beastly Appendage (safe; 4% risk of failure)
Confirm with . or Enter, or press ? or * to list all spells.
Your blood is infused with primal strength.
The goblin hits you with a +0 dagger.
You tentacle-slap the goblin but do no damage.
You grab the goblin. You squeeze the goblin.
The goblin is severely wounded.
You constrict the goblin.
You feel a bit better.
You kill the goblin!
Natasha stares at you and mumbles some strange words.
You feel yourself slow down. The shadow imp barely misses you.
Natasha zaps a wand.
The puff of flame hits you! The shadow imp misses you.
Natasha zaps a wand.
The puff of flame hits you!
Things that are here:
a +0 dagger; a goblin corpse You barely miss Natasha.
Your grab misses Natasha. You squeeze Natasha.
Natasha is moderately wounded.
The shadow imp hits you. Natasha casts a spell at you.
You resist with some effort.
You closely miss Natasha. You grab Natasha. You squeeze Natasha.
Natasha is heavily wounded.
You constrict Natasha. The shadow imp barely misses you.
Natasha zaps a wand.
The puff of flame hits you! The shadow imp barely misses you.
Natasha stares at you and mumbles some strange words.
The magic dart hits you!
* * * LOW HITPOINT WARNING * * *
You tentacle-slap Natasha.
You pierce Natasha.
Natasha is almost dead.
You howl as the wereblood boils in your veins!
You constrict Natasha.
The shadow imp shouts, "Leave, thou lumpish fob-snatching gnoll-tail!"
The shadow imp closely misses you. Natasha claws you!
You die...

#. #. #.
#############
####.
#...........#
#....
#.#########.#
####. #.# #.# #.
#.##### #.# #.
#...@h# #†# #.
#####5# #.# #. .#
#.# #. .# #.# ##
.# #.##.######
#.#####.##......[
#........######..
#######..# #.#
#..# #.#


You could see Natasha and a shadow imp (summoned).

Vanquished Creatures
  Jessica (D:2)
  Robin (D:1)
  4 adders
  2 dart slugs
  An orc (D:3)
  4 bats
  8 endoplasms
  10 giant cockroaches (D:2)
  18 goblins
  11 hobgoblins
  7 kobolds
  A quokka (D:3)
  7 ball pythons
  7 frilled lizards
  3 rats (D:1)
85 creatures vanquished.

Notes
Turn   | Place    | Note
-------+----------+-------------------------------------------
     0 | D:1      | buhh the Octopode Transmuter began the quest for the Orb.
     0 | D:1      | Reached XP level 1. HP: 13/13 MP: 3/3
   552 | D:1      | Reached XP level 2. HP: 18/18 MP: 3/5
  1177 | D:1      | Reached XP level 3. HP: 19/24 MP: 4/6
  1252 | D:1      | Learned a level 2 spell: Wereblood
  1256 | D:1      | Learned a level 3 spell: Spider Form
  1612 | D:2      | Noticed Jessica
  1615 | D:2      | Noticed Robin
  1921 | D:2      | Killed Jessica
  1922 | D:2      | Reached XP level 4. HP: 24/30 MP: 5/7
  2073 | D:1      | Killed Robin
  2074 | D:1      | Reached skill level 4 in Unarmed Combat
  2482 | D:2      | Reached XP level 5. HP: 36/36 MP: 6/8
  3512 | D:3      | Found a shadowy altar of Dithmenos.
  3613 | D:3      | Found Imuzxinn's Jewellery Emporium.
  3629 | D:3      | Found Xischist's Weapon Boutique.
  3631 | D:3      | Found Dugugany's Magic Scroll Shoppe.
  3656 | D:3      | Bought a scroll of blinking for 82 gold pieces
  3656 | D:3      | Bought a scroll of teleportation for 33 gold pieces
  3713 | D:3      | Found Adimp's Armour Emporium.
  3778 | D:3      | Found Reatt's Antique Armour Shoppe.
  3894 | D:3      | Noticed Natasha
  3904 | D:3      | Slain by Natasha

Illustrated notes

Levels and vault maps discovered:
D:1:      zelgadis_glass_arrival_small, layout_loops_ring,
          hangedman_decor_lopped
D:2:      minmay_roachtagon, layout_basic, serial_rivers,
          chequers_serial_rivers_large_b, chequers_serial_rivers_micro_c,
          chequers_serial_rivers_room_a, chequers_serial_rivers_room_a,
          chequers_serial_rivers_small_a, minmay_misc_feat_nine_boxes,
          uniq_jessica, uniq_robin
D:3:      layout_loops_ring, lemuel_round_altar,
          nicolae_dithmenos_through_a_glass_darkly, serial_shops,
          nicolae_shop_hallway_stairs, shop, shop_coins, shop,
          nicolae_shop_window_shopping, uniq_natasha

Skill      XL: |  1  2  3  4  5 |
---------------+----------------+-----
Stealth        | 1 |  1.0
Fighting       | 2 3 |  3.2
Unarmed Combat | 4 |  4.3
Transmutations | 3 |  3.1
Dodging        | |  2.0
Spellcasting   | |  2.0

Action                   |  1- 3 |  4- 6 || total
-------------------------+-------+-------++-------
Melee: Unarmed           |    68 |   106 ||   174
       Kick              |    18 |    30 ||    48
       Constrict         |    19 |    30 ||    49
       Tentacles         |     9 |    19 ||    28
       Punch             |     3 |     2 ||     5
 Cast: Beastly Appendage |    27 |    33 ||    60
       Wereblood         |       |     3 ||     3
  Use: Scroll            |       |     3 ||     3
 Stab: Sleeping          |     9 |     1 ||    10
Armor: Skin              |     2 |     4 ||     6
Dodge: Dodged            |    22 |    67 ||    89
